 Dungeon Crawl Stone Soup version 0.31-a0-208-gdb31a4691d (webtiles) character file.

Game seed: 15942796581196183844

135 zazu2006 the Shield-Bearer (level 5, -1/47 HPs)
             Began as a Gnoll Wanderer on June 28, 2023.
             Killed by nerve-wracking pain
             ... invoked by Grinder
              (9 damage)
             ... on level 3 of the Dungeon.
             The game lasted 00:05:15 (2161 turns).

zazu2006 the Shield-Bearer (Gnoll Wanderer)         Turns: 2161, Time: 00:05:16

Health: -1/47      AC:  5    Str: 13    XL:     5   Next: 18%
Magic:  7/7        EV: 11    Int: 10    God:
Gold:   141        SH:  7    Dex: 13    Spells: 6/6 levels left

rFire   + . .        a - +0 hand axe
rCold   . . .        b - +2 buckler
rNeg    . . .        e - +0 leather armour
rPois   .            c - +0 helmet
rElec   .            o - +0 cloak
rCorr   +            (no gloves)
SInv    .            (no boots)
Will    .....        (no amulet)
Stlth   ++           q - ring of protection from fire
HPRegen 0.27/turn    m - ring of resist corrosion
MPRegen 0.10/turn

%: no passive effects
@: about to teleport
A: fangs 1, strong nose, distributed training
a: no special abilities


You were on level 3 of the Dungeon.
You visited 1 branch of the dungeon, and saw 3 of its levels.

You collected 141 gold pieces.

Inventory:

Hand Weapons
 a - a +0 hand axe (weapon)
 s - a +2 dagger of venom
Missiles
 r - 6 poisoned darts
Armour
 b - a +2 buckler (worn)
 c - a +0 helmet (worn)
 e - a +0 leather armour (worn)
 o - a +0 cloak (worn)
Jewellery
 m - a ring of resist corrosion (right hand)
 q - a ring of protection from fire (left hand)
Scrolls
 f - a scroll of vulnerability {unknown}
 g - a scroll of identify
 i - a scroll of teleportation
 k - a scroll of noise {unknown}
 l - a scroll of fog {unknown}
 n - a scroll of immolation {unknown}


   Skills:
 + Level 6.7 Fighting
 + Level 1.4 Short Blades
 + Level 1.4 Long Blades
 + Level 3.0 Axes
 + Level 1.4 Maces & Flails
 + Level 1.4 Polearms
 + Level 1.4 Staves
 + Level 1.4 Ranged Weapons
 + Level 1.4 Throwing
 + Level 1.4 Armour
 + Level 1.4 Dodging
 + Level 4.4 Stealth
 + Level 6.7 Shields
 + Level 1.4 Unarmed Combat
 + Level 1.4 Spellcasting
 + Level 1.1 Conjurations
 + Level 1.1 Hexes
 + Level 1.1 Summonings
 + Level 1.1 Necromancy
 + Level 1.1 Translocations
 + Level 1.1 Transmutations
 + Level 1.1 Fire Magic
 + Level 1.1 Ice Magic
 + Level 1.1 Air Magic
 + Level 1.1 Earth Magic
 + Level 1.1 Poison Magic
 + Level 3.0 Invocations
 + Level 1.4 Evocations


You had 6 spell levels left.
You didn't know any spells.
Your spell library contained the following spells:

 Spells                   Type           Power      Damage    Failure   Level
 Cigotuvi's Dreadful Rot  Necr/Pois/Air  6%         N/A       45%         2
 Dispel Undead            Necr           3%         3d7       98%         4
 Death Channel            Necr           1%         N/A       100%        6


Dungeon Overview and Level Annotations

Branches:
Dungeon (3/15)

Altars:

Shops:
D:2 (

Annotations:
D:3 Grinder, Sigmund


Innate Abilities, Weirdness & Mutations

You have very sharp teeth.
Your uncanny sense of smell can sniff out nearby items.
Your experience applies equally to all skills.


Message History

You block the gnoll's attack.
You hit the gnoll but do no damage.
The gnoll is moderately wounded.
The gnoll hits you with a +0 whip.
You closely miss the gnoll.
The gnoll is moderately wounded.
You block the gnoll's attack.
You hit the gnoll.
The gnoll is moderately wounded.
The gnoll closely misses you.
You hit the gnoll.
The gnoll is heavily wounded.
The gnoll hits you with a +0 whip!
You hit the gnoll.
The gnoll is almost dead.
You block the gnoll's attack. The gnoll hits you with a +0 whip.
You aren't carrying any potions.
As you read the scroll labelled SYIFFI UPTAEBE, it crumbles to dust.
It is a scroll of identify.
d - a scroll of poison The gnoll hits you with a +0 whip.
* * * LOW HITPOINT WARNING * * *
Really read the scroll of poison?
The air fills with toxic fumes!
As you read the scroll of poison, it crumbles to dust.
The gnoll closely misses you.
Really walk into that cloud of poison gas?
Okay, then.
You barely miss the gnoll.
The gnoll is almost dead.
The gnoll hits you with a +0 whip.
* * * LOW HITPOINT WARNING * * *
Grinder blinks!
You aren't carrying any potions.
Unknown command.
As you read the scroll labelled DIURUE IJ ATZA, it crumbles to dust.
You feel strangely unstable.
It was a scroll of teleportation.
Grinder gestures at you. Pain shoots through your body!
You die...

### ### ## #.# #.#
#. #.# #.# #.
#####§###§#########.
#5§@g.§§§§§.........
#####§§##§#########.
#.§##.##### #.
#..§§.##..[.###.
#...§§+.........
#...?§##....###.
#.....§.>.......
#.....###.......
..........


You could see Grinder and a gnoll.

Vanquished Creatures
  Robin (D:3)
  A gnoll (D:1)
  3 adders
  A worm (D:2)
  A dart slug (D:1)
  An orc (D:3)
  4 endoplasms
  A giant cockroach (D:2)
  17 goblins
  8 hobgoblins
  3 jackals (D:2)
  4 quokkas
  9 ball pythons
  4 bats
  4 frilled lizards
  20 rats
82 creatures vanquished.

Notes
Turn   | Place    | Note
-------+----------+-------------------------------------------
     0 | D:1      | zazu2006 the Gnoll Wanderer began the quest for the Orb.
     0 | D:1      | zazu2006 set off with the following items: a +0 hand axe, a
                  | +2 buckler, a +0 helmet, a scroll of fear, a +0 leather
                  | armour.
     0 | D:1      | Reached XP level 1. HP: 23/23 MP: 2/2
   214 | D:1      | Found a faded altar of an unknown god.
   256 | D:1      | Reached XP level 2. HP: 28/29 MP: 3/3
   372 | D:1      | Reached XP level 3. HP: 35/35 MP: 4/4
   874 | D:2      | Reached skill level 1 in Short Blades
   874 | D:2      | Reached skill level 1 in Long Blades
   874 | D:2      | Reached skill level 1 in Maces & Flails
   874 | D:2      | Reached skill level 1 in Polearms
   874 | D:2      | Reached skill level 1 in Staves
   874 | D:2      | Reached skill level 1 in Ranged Weapons
   874 | D:2      | Reached skill level 1 in Throwing
   874 | D:2      | Reached skill level 1 in Armour
   874 | D:2      | Reached skill level 1 in Dodging
   874 | D:2      | Reached skill level 1 in Unarmed Combat
   874 | D:2      | Reached skill level 1 in Spellcasting
   874 | D:2      | Reached skill level 1 in Evocations
  1065 | D:2      | Found Mem Sena's Antique Weapon Shoppe.
  1185 | D:2      | Reached XP level 4. HP: 33/41 MP: 6/6
  1716 | D:3      | Noticed Robin
  1717 | D:3      | Noticed Sigmund
  1779 | D:3      | Reached skill level 1 in Conjurations
  1779 | D:3      | Reached skill level 1 in Hexes
  1779 | D:3      | Reached skill level 1 in Summonings
  1779 | D:3      | Reached skill level 1 in Necromancy
  1779 | D:3      | Reached skill level 1 in Translocations
  1779 | D:3      | Reached skill level 1 in Transmutations
  1779 | D:3      | Reached skill level 1 in Fire Magic
  1779 | D:3      | Reached skill level 1 in Ice Magic
  1779 | D:3      | Reached skill level 1 in Air Magic
  1779 | D:3      | Reached skill level 1 in Earth Magic
  1779 | D:3      | Reached skill level 1 in Poison Magic
  1969 | D:3      | Noticed Grinder
  1984 | D:3      | Reached XP level 5. HP: 47/47 MP: 7/7
  1995 | D:3      | Killed Robin
  2161 | D:3      | Killed from afar by Grinder

Illustrated notes

Levels and vault maps discovered:
D:1:      dpeg_arrival_central, layout_basic, dreamdust_ecumenical_altar_grove
D:2:      layout_basic, serial_shops, nicolae_shop_tiny_real_fake_doors
D:3:      layout_basic, kennysheep_nub, st_stairs_12, minmay_rat_hole,
          uniq_robin, uniq_grinder, uniq_jessica, uniq_sigmund

Skill      XL: |  1  2  3  4  5 |
---------------+----------------+-----
Short Blades   | 1 |  1.4
Long Blades    | 1 |  1.4
Maces & Flails | 1 |  1.4
Polearms       | 1 |  1.4
Staves         | 1 |  1.4
Ranged Weapons | 1 |  1.4
Throwing       | 1 |  1.4
Armour         | 1 |  1.4
Dodging        | 1 |  1.4
Unarmed Combat | 1 |  1.4
Spellcasting   | 1 |  1.4
Evocations     | 1 |  1.4
Conjurations   | 1 |  1.1
Hexes          | 1 |  1.1
Summonings     | 1 |  1.1
Necromancy     | 1 |  1.1
Translocations | 1 |  1.1
Transmutations | 1 |  1.1
Fire Magic     | 1 |  1.1
Ice Magic      | 1 |  1.1
Air Magic      | 1 |  1.1
Earth Magic    | 1 |  1.1
Poison Magic   | 1 |  1.1
Invocations    | 3 |  3.0
Axes           | 3 |  3.0
Fighting       | |  6.7
Stealth        | |  4.4
Shields        | |  6.7

Action                     |  1- 3 |  4- 6 || total
---------------------------+-------+-------++-------
  Melee: Hand axe          |   112 |   121 ||   233
         Bite              |     8 |     7 ||    15
    Use: Scroll            |       |     4 ||     4
         Potion            |       |     3 ||     3
   Stab: Sleeping          |     7 |     5 ||    12
 Armour: Leather armour    |    21 |    43 ||    64
  Dodge: Dodged            |    41 |    76 ||   117
  Block: Buckler           |    34 |    57 ||    91

Table legend: (Time is in decaauts)
 A = Elapsed time spent in this place.
 B = Non-inter-level travel time spent in this place.
 C = Inter-level travel time spent in this place.
 D = Time resting spent in this place.
 E = Time spent auto-exploring this place.
 F = Levels seen in this place.
 G = Mean time per level.
                   A        B        C        D        E       F      G
               +--------+--------+--------+--------+--------+-----+--------+
         Total |   2210 |   2164 |     46 |     63 |   1390 |   3 |  736.7 |
       Dungeon |   2210 |   2164 |     46 |     63 |   1390 |   3 |  736.7 |
               +--------+--------+--------+--------+--------+-----+--------+

Top non-repeatable levels by time:
     D:2: 1026 daAuts
     D:1: 762 daAuts
     D:3: 422 daAuts
